 Dungeon Crawl Stone Soup version 0.21-a0-78-g82a99e0 (webtiles) character file.

254980 Herrn the Severer (level 19, -1/181 HPs)
             Began as a Minotaur Monk on June 21, 2017.
             Was the Champion of Okawaru.
             Slain by a deep elf blademaster
             ... wielding a +0 quick blade
              (3 damage)
             ... on level 3 of the Elven Halls.
             The game lasted 01:55:10 (35795 turns).

Herrn the Severer (Minotaur Monk)                  Turns: 35795, Time: 01:55:11

Health: -1/181     AC: 26    Str: 21    XL:     19   Next: 41%
Magic:  6/9        EV: 21    Int: 20    God:    Okawaru [******]
Gold:   2795       SH:  0    Dex: 14    Spells: 15/34 levels left

rFire    . . .     SeeInvis +   d - +10 battleaxe of Taotaami {antimagic, rN++ Int+2}
rCold    + . .     Gourm    .   (shield currently unavailable)
rNeg     + + +     Faith    .   x - +4 troll leather armour "Zeppetij" {rC+ Regen+ Int+3}
rPois    +         Spirit   .   W - +3 crown of Dyrovepreva {rElec Int+2 SInv}
rElec    +         Reflect  .   F - scarf {repulsion}
rCorr    +         Harm     .   n - +0 pair of gloves "Bahamio" {rN+ Slay+2 Stlth-}
MR       +....                  P - +2 pair of boots "Icukh" {Str+4}
Stlth    ++........             Y - amulet of Vitality {Regen+ HP+15}
HPRegen  1.20/turn              v - ring of resist corrosion
MPRegen  0.11/turn              s - +3 ring of protection

@: about to teleport, heroism, studying Ice Magic, repel missiles
A: retaliatory headbutt, beak, horns 2, rugged brown scales 1, thin metallic
scales 1, frail 1, low mp 1, poison resistance, subdued magic 1
}: 1/15 runes: serpentine
a: Heroism, Finesse, Renounce Religion


You were on level 3 of the Elven Halls.
You worshipped Okawaru.
Okawaru was exalted by your worship.
You were hungry.

You visited 6 branches of the dungeon, and saw 31 of its levels.
You visited the Abyss 3 times.
You also visited: Sewer, Ossuary and Ice Cave.

You collected 3691 gold pieces.
You spent 896 gold pieces at shops.

Inventory:

Hand Weapons
 d - the +10 battleaxe of Taotaami (weapon) {antimagic, rN++ Int+2}
   (You found it on level 4 of the Dungeon)

   It reduces the magical energy of the wielder, and disrupts the spells and
   magical abilities of those hit.
   Natural abilities and divine invocations are not affected.
   It affects your intelligence (+2).
   It greatly protects you from negative energy.
 D - a +2 broad axe of electrocution
 I - a +0 war axe of flaming
 Z - the +8 broad axe of Vomoa {freeze, rPois rF+}
   (Okawaru gifted it to you on level 1 of the Orcish Mines)

   It has been specially enchanted to freeze those struck by it, causing extra
   injury to most foes and up to half again as much damage against particularly
   susceptible opponents.
   It can also slow down cold-blooded creatures.
   It protects you from fire.
   It protects you from poison.
Armour
 h - a +1 plate armour of poison resistance
 n - the +0 pair of gloves "Bahamio" (worn) {rN+ Slay+2 Stlth-}
   (You acquired it on level 6 of the Lair of Beasts)

   It affects your accuracy and damage with ranged weapons and melee attacks
   (+2).
   It protects you from negative energy.
   It makes you less stealthy.
 x - the +4 troll leather armour "Zeppetij" (worn) {rC+ Regen+ Int+3}
   (You bought it in a shop on level 2 of the Orcish Mines)

   It affects your intelligence (+3).
   It protects you from cold.
   It increases your rate of regeneration.
 y - a +3 chain mail of cold resistance
 z - a +2 buckler of positive energy
 F - a scarf of repulsion (worn)
 G - a +0 cloak of cold resistance
 M - the +0 cloak "Pavvihyq" {rN++ Str+4}
   (You found it on level 2 of the Abyss)

   It affects your strength (+4).
   It greatly protects you from negative energy.
 N - a +2 chain mail of fire resistance
 P - the +2 pair of boots "Icukh" (worn) {Str+4}
   (You bought it in a shop on level 2 of the Orcish Mines)

   It affects your strength (+4).
 T - a +2 cloak of magic resistance
 V - a +0 shield of cold resistance
 W - the +3 crown of Dyrovepreva (worn) {rElec Int+2 SInv}
   (You found it on level 1 of the Lair of Beasts)

   It affects your intelligence (+2).
   It insulates you from electricity.
   It lets you see invisible.
Jewellery
 a - an uncursed ring of wizardry
 s - a +3 ring of protection (right hand)
 v - a ring of resist corrosion (left hand)
 S - an uncursed ring of flight
 X - the ring "Wuesipui" {Fire +Fly rN+ Str+4 Dex-2}
   (You found it on level 3 of the Snake Pit)

   [ring of fire]

   It enhances your fire magic.
   It affects your strength (+4).
   It affects your dexterity (-2).
   It protects you from fire.
   It makes you vulnerable to cold.
   It protects you from negative energy.
   It lets you fly.
 Y - the amulet of Vitality (around neck) {Regen+ HP+15}
   (You took it off a deep elf demonologist on level 3 of the Elven Halls)

   [amulet of regeneration]

   It affects your health (+15).
   It increases your rate of regeneration.
Wands
 J - a wand of acid (7/15)
 R - a wand of scattershot (0/9)
Scrolls
 b - 9 scrolls of amnesia
 i - 7 scrolls of enchant weapon
 k - 7 scrolls of immolation
 m - 4 scrolls of recharging
 p - 7 scrolls of enchant armour
 r - 7 scrolls of remove curse
 u - 4 scrolls of identify
 B - 3 scrolls of fog
 C - 2 scrolls of teleportation
 U - 2 scrolls of summoning
Potions
 e - 2 potions of cancellation
 j - a potion of mutation
 o - a potion of heal wounds
 q - 4 potions of curing
 t - a potion of invisibility
 E - 3 potions of lignification
 K - 4 potions of flight
 L - 5 potions of agility
 O - a potion of resistance
Books
 g - a book of the Warp

   Spells                             Type                      Level
   a - Gell's Gravitas                Translocation                3
   b - Portal Projectile              Hexes/Translocation          3
   c - Force Lance                    Conjuration/Translocation    4
   d - Dispersal                      Translocation                6
   e - Controlled Blink               Translocation                8
   f - Disjunction                    Translocation                8
 w - a manual of Ice Magic
 A - Iboseh's Disquisition on Cold and Curses
   (You found it on level 6 of the Dungeon)

   Spells                             Type                      Level
   a - Confusing Touch                Hexes                        1
   b - Throw Frost                    Conjuration/Ice              2
   c - Portal Projectile              Hexes/Translocation          3
   d - Simulacrum                     Ice/Necromancy               6
   e - Discord                        Hexes                        8
 H - a manual of Ice Magic
Comestibles
 c - 23 bread rations
 f - 16 royal jellies
 l - 12 meat rations
 Q - 15 fruits


   Skills:
 + Level 18.2(23.2) Fighting
 - Level 20.0(25.0) Axes
 + Level 14.3(19.3) Armour
 * Level 9.5(14.5) Dodging
 - Level 1.5(6.5) Stealth
 - Level 9.4(14.4) Shields
 * Level 8.4 Spellcasting
 * Level 10.0 Conjurations
 * Level 6.8 Necromancy
 * Level 5.4 Transmutations
 - Level 4.3 Air Magic
 * Level 5.3 Earth Magic
 - Level 0.4 Invocations


You had 15 spell levels left.
You knew the following spells:

 Your Spells              Type           Power        Failure   Level  Hunger
a - Throw Frost           Conj/Ice       ###...       1%          2    None
b - Airstrike             Air            ###.......   12%         4    ###....
c - Regeneration          Chrm/Necr      ###.......   4%          3    None
d - Statue Form           Tmut/Erth      ###......    78%         6    ######.
e - Sticky Flame          Conj/Fire      ###.....     9%          4    ###....


Dungeon Overview and Level Annotations

Branches:
Dungeon (15/15)            Temple (1/1) D:4            Lair (6/6) D:11
  Swamp (0/4) Lair:2        Snake (4/4) Lair:3        Slime (0/5) Lair:5
    Orc (2/2) D:11            Elf (3/3) Orc:2        Vaults (0/5) D:14
 Depths (0/5) D:15

Altars:
Ashenzari
Cheibriados
Dithmenos
Elyvilon
Fedhas
Gozag
Hepliaklqana
Kikubaaqudgha
Makhleb
Nemelex Xobeh
Okawaru
Qazlal
Ru
Sif Muna
Trog
Uskayaw
Vehumet
Wu Jian
Xom
Yredelemnul
Zin
The Shining One
Beogh
Jiyva

Shops:
Orc:2 %(([   Elf:2 (   Snake:1 }   Snake:2 =}}


Innate Abilities, Weirdness & Mutations

You reflexively headbutt those who attack you in melee.
You have a pair of horns on your head.
You have a beak for a mouth.
You are partially covered in rugged brown scales. (AC +1, +3% HP)
You are partially covered in thin metallic scales. (AC +2)
You are frail. (-10% HP)
Your magical capacity is low. (-10% MP)
Your system is resistant to poisons. (rPois)
Your spells are a little easier to cast, but a little less powerful.


Message History

You feel strangely unstable. The deep elf blademaster misses you.
The deep elf blademaster hits you with a quick blade!
* * * LOW HITPOINT WARNING * * *
The deep elf master archer shoots an arrow.
The arrow hits you!
* * * LOW HITPOINT WARNING * * *
The deep elf blademaster hits you but does no damage.
The deep elf blademaster hits you with a quick blade.
* * * LOW HITPOINT WARNING * * *
The deep elf master archer shoots an arrow.
The arrow is repelled.
You feel much better. The deep elf blademaster misses you.
You furiously retaliate!
You headbutt the deep elf blademaster.
The deep elf blademaster hits you with a quick blade!
* * * LOW HITPOINT WARNING * * *
The deep elf master archer shoots an arrow.
The arrow hits you!!
* * * LOW HITPOINT WARNING * * *
The deep elf blademaster hits you with a quick blade.
You die...

..###########'#########'#
...).....................
.........................
....#############.######
...##}...# #...# [)##.....#
#.#.# [(#)))##'# #.#.#
)(#..##..#### #.#.# ##.
[)#.)#......####@e.####....
).#..')...⌠....#...#§...⌠..
).#######.........).......#
..#.)............#..)..e...
..))###.........###........
..#).............#.........
..#######.................#
..# ...⌠....#...#....⌠..
..# ......####...####....


You could see a deep elf blademaster and a deep elf master archer.

Vanquished Creatures
  An ancient lich (Abyss:2)
  A bone dragon (Abyss:3)
  Rupert (D:12)
  A lich (Abyss:2)
  2 deep elf blademasters
  A deep elf master archer (Elf:3)
  4 tentacled starspawn (Abyss:2)
  Roxanne (Snake:2)
  9 nagarajas
  3 deep elf sorcerers (Elf:3)
  An orc warlord (Orc:2)
  Aizul (Snake:2)
  A balrug (Abyss:3)
  Louise (Snake:2)
  4 deep elf elementalists (Elf:3)
  A lorocyproca (Abyss:2)
  8 deep elf demonologists (Elf:3)
  4 deep elf annihilators (Elf:3)
  Snorg (D:12)
  8 deep elf death magi
  A green death (Abyss:2)
  3 deep elf high priests
  A yaktaur captain (D:14)
  19 naga warriors
  Harold (D:12)
  A hydra (Lair:6)
  A centaur warrior (D:15)
  11 anacondas
  A catoblepas (Lair:6)
  A merfolk avatar (Lair:6)
  2 tengu warriors
  6 two-headed ogres
  An ogre mage (D:15)
  22 dancing weapons
  6 death yaks
  An orc high priest (Orc:1)
  11 naga sharpshooters
  3 thrashing horrors
  3 shock serpents
  11 deep elf knights
  5 wretched stars (Abyss:2)
  A fire crab (shapeshifter) (D:15)
  A shadow wraith (Abyss:2)
  2 sea snakes
  A sixfirhy (Abyss:3)
  3 salamander mystics
  An unseen horror (D:13)
  11 deep elf archers
  2 wizards
  11 naga ritualists
  An orc knight (Orc:2)
  Pikel (D:6)
  A wolf spider zombie (D:13)
  A harpy (Lair:6)
  2 necromancers
  5 ugly things
  15 mana vipers
  4 orc sorcerers
  68 deep elf magi
  2 cyclopes (D:15)
  7 salamanders
  13 elephants (Lair:6)
  Maurice (D:12)
  An ice statue (IceCv)
  20 naga magi
  3 torpor snails
  5 guardian serpents
  33 black mambas
  2 smoke demons (Abyss:2)
  3 gargoyles
  11 spiny frogs
  An orange demon (Abyss:2)
  12 freezing wraiths
  2 kobold demonologists (D:14)
  8 rime drakes
  8 komodo dragons
  2 yaktaurs (D:14)
  3 ice devils
  11 trolls
  2 ancient zymes (Abyss:3)
  2 tengu conjurers
  2 wind drakes (Lair:6)
  3 hornets
  A troll (shapeshifter) (Lair:3)
  The ghost of MirrMurr the Ducker, an amateur GnSk (D:4)
  2 polar bears (Lair:6)
  A meliai zombie (D:13)
  9 blink frogs
  3 raiju (Abyss:2)
  4 hippogriffs
  2 flying skulls (Abyss:2)
  5 air elementals
  Sigmund (D:2)
  5 wraiths
  2 ynoxinuls (Abyss:2)
  6 spriggans
  5 fire elementals
  7 water elementals
  7 wyverns
  60 yaks
  Grum (Lair:1)
  3 basilisks
  A chaos spawn (Abyss:3)
  A death yak simulacrum (IceCv)
  2 hungry ghosts (D:13)
  11 wargs
  12 large abominations
  2 neqoxecs (Abyss:2)
  41 nagas
  A harpy simulacrum (Abyss:3)
  A soldier ant (shapeshifter) (Abyss:3)
  A soldier ant (D:14)
  8 small abominations
  An acid dragon (D:12)
  12 water moccasins
  7 porcupines
  41 orc warriors
  A slave (D:6)
  2 hornet zombies
  A spiny frog skeleton (Abyss:2)
  2 sky beasts
  7 ice beasts
  2 black bears
  7 starcursed masses
  17 ogres
  2 necrophages (D:13)
  4 eyes of draining
  3 boggarts (D:15)
  4 phantoms
  22 wolves
  8 centaurs
  16 crocodiles
  4 big kobolds
  27 bullfrogs
  2 elf zombies (Ossuary)
  A gnoll sergeant (D:9)
  An earth elemental (Elf:3)
  3 scorpions
  9 wights
  14 killer bees
  An elephant simulacrum (IceCv)
  9 electric eels
  3 howler monkeys (D:13)
  8 crimson imps
  3 draconian simulacra (IceCv)
  2 quasits
  4 bullfrog zombies
  A human zombie (Ossuary)
  4 centaur zombies
  3 jellies
  12 hounds
  22 orc priests
  6 centaur skeletons
  35 orc wizards
  Crazy Yiuf (D:2)
  2 iron imps (Abyss:3)
  4 iguanas
  7 worker ants
  5 spriggan simulacra (IceCv)
  2 troll simulacra (IceCv)
  2 polar bear simulacra (IceCv)
  A centaur simulacrum (IceCv)
  3 hound zombies (D:6)
  A hound skeleton (D:6)
  4 mummies (Ossuary)
  2 howler monkey zombies
  3 worker ant zombies (D:6)
  9 gnolls
  3 ogre simulacra (IceCv)
  13 adders
  6 naga simulacra (IceCv)
  2 river rats (Sewer)
  4 shadow imps
  13 white imps
  2 ufetubi (Abyss:3)
  3 oozes
  5 adder zombies
  8 worms
  2 adder skeletons
  4 dart slugs
  11 leopard geckos
  141 orcs
  2 ball pythons
  5 bats
  5 giant cockroaches
  5 goblins
  8 hobgoblins
  9 jackals
  6 quokkas
  A ball python skeleton (D:4)
  3 frilled lizards
  A gnoll zombie (Ossuary)
  A goblin zombie (Ossuary)
  2 jackal skeletons
  3 jackal zombies (Ossuary)
  21 kobolds
  A kobold zombie (Ossuary)
  A leopard gecko skeleton (D:4)
  2 leopard gecko zombies
  A quokka skeleton (D:6)
  2 quokka zombies
  10 rats
  7 fungi
  8 plants
  8 starspawn tentacles (Abyss:2)
1367 creatures vanquished.

Vanquished Creatures (others)
  A deep elf mage (Elf:2)
  A naga (Snake:4)
  A slave (D:6)
  A bullfrog (D:6)
  A leopard gecko (D:11)
  A ball python (D:6)
  6 fungi
  A lurking horror (Abyss:2)
  24 plants
  8 starspawn tentacles (Abyss:2)
45 creatures vanquished.

Grand Total: 1412 creatures vanquished

Notes
Turn   | Place    | Note
-------+----------+-------------------------------------------
     0 | D:1      | Herrn the Minotaur Monk began the quest for the Orb.
     0 | D:1      | Reached XP level 1. HP: 19/19 MP: 0/0
    68 | D:1      | You fall through a shaft!
    77 | D:2      | Reached XP level 2. HP: 27/27 MP: 1/1
    96 | D:2      | Reached skill level 4 in Axes
   364 | D:1      | Reached XP level 3. HP: 32/33 MP: 2/2
  1254 | D:2      | Reached XP level 4. HP: 41/41 MP: 3/3
  1352 | D:2      | Reached skill level 5 in Axes
  1489 | D:2      | Noticed Sigmund
  1503 | D:2      | Killed Sigmund
  1503 | D:2      | Reached skill level 6 in Axes
  1503 | D:2      | Reached XP level 5. HP: 39/47 MP: 4/4
  1568 | D:2      | Found a runed door.
  1701 | D:2      | Reached skill level 5 in Fighting
  2101 | D:3      | Reached XP level 6. HP: 56/56 MP: 5/5
  3015 | D:4      | Got an ichor-stained battleaxe
  3016 | D:4      | Identified the +10 battleaxe of Taotaami {antimagic, rN++ Int+2} (You found it on level 4 of the Dungeon)
  3018 | D:4      | Reached skill level 7 in Axes
  3118 | D:4      | Reached XP level 7. HP: 54/61 MP: 2/6
  3259 | D:4      | Noticed MirrMurr's ghost (amateur GnSk)
  3270 | D:4      | Killed MirrMurr's ghost
  3270 | D:4      | Reached skill level 8 in Axes
  3278 | D:4      | Found a staircase to the Ecumenical Temple.
  3287 | Temple   | Entered the Ecumenical Temple
  3292 | Temple   | Became a worshipper of Warmaster Okawaru
  3292 | Temple   | Reached * piety under Okawaru
  3292 | Temple   | Reached ** piety under Okawaru
  3638 | D:2      | Noticed Crazy Yiuf
  3642 | D:2      | Killed Crazy Yiuf
  3960 | D:5      | Entered Level 5 of the Dungeon
  4384 | D:5      | Reached skill level 9 in Axes
  4409 | D:5      | Reached XP level 8. HP: 70/70 MP: 2/7
  4456 | D:5      | Got a faintly humming robe
  4923 | D:6      | Found a glowing drain.
  4954 | Sewer    | Entered a sewer
  5034 | Sewer    | Reached skill level 5 in Armour
  5051 | Sewer    | Found a glowing silver altar of Zin.
  5206 | D:6      | Reached skill level 10 in Axes
  5300 | D:6      | Noticed Pikel
  5318 | D:6      | Killed Pikel
  5318 | D:6      | Reached *** piety under Okawaru
  5318 | D:6      | Reached skill level 11 in Axes
  5318 | D:6      | Reached XP level 9. HP: 67/79 MP: 1/8
  5363 | D:6      | Found a shadowy altar of Dithmenos.
  5646 | D:6      | Found a runed door.
  5722 | D:6      | Found a deep blue altar of Sif Muna.
  6036 | D:6      | Identified Iboseh's Disquisition on Cold and Curses
  6080 | D:7      | Reached skill level 12 in Axes
  6120 | D:7      | Found a sand-covered staircase.
  6275 | Ossuary  | Entered an ossuary
  6308 | Ossuary  | Reached **** piety under Okawaru
  6843 | D:7      | Reached skill level 13 in Axes
  7478 | D:6      | Reached XP level 10. HP: 90/90 MP: 3/9
  7499 | D:6      | Found a roughly hewn altar of Beogh.
  7583 | D:8      | Got a distressingly furry robe
  7838 | D:8      | Learned a level 2 spell: Throw Frost
  7903 | D:8      | Noticed a two-headed ogre
  7911 | D:8      | Killed a two-headed ogre
  7911 | D:8      | Reached ***** piety under Okawaru
  7927 | D:8      | Reached skill level 1 in Spellcasting
  8088 | D:8      | Reached skill level 1 in Conjurations
  8092 | D:8      | Reached skill level 14 in Axes
  9375 | D:9      | Noticed a two-headed ogre
  9385 | D:9      | Killed a two-headed ogre
  9385 | D:9      | Received a gift from Okawaru
  9548 | D:10     | Entered Level 10 of the Dungeon
  9618 | D:10     | Reached XP level 11. HP: 97/97 MP: 1/13
  9850 | D:10     | Reached skill level 15 in Axes
  9919 | D:10     | Got a scintillating glass ring
  9920 | D:10     | Identified the cursed ring of Wauseaczeic {rF+ rC+ Str-5} (You found it on level 10 of the Dungeon)
 10290 | D:11     | Reached skill level 10 in Fighting
 10515 | D:11     | Received a gift from Okawaru
 10516 | D:11     | Got an ancient arbalest {god gift}
 10660 | D:11     | Noticed a green ugly thing
 10668 | D:11     | Killed a green ugly thing
 10671 | D:11     | Found a staircase to the Orcish Mines.
 10855 | D:11     | Found a staircase to the Lair.
 11057 | Orc:1    | Entered Level 1 of the Orcish Mines
 11077 | Orc:1    | Found a roughly hewn altar of Beogh.
 11283 | Orc:2    | Entered Level 2 of the Orcish Mines
 11283 | Orc:2    | Noticed an orc knight
 11296 | Orc:2    | Killed an orc knight
 11296 | Orc:2    | Reached skill level 16 in Axes
 11297 | Orc:2    | Reached XP level 12. HP: 81/107 MP: 2/16
 11639 | Orc:1    | Noticed an orc high priest
 11645 | Orc:1    | Received a gift from Okawaru
 11654 | Orc:1    | Killed an orc high priest
 11793 | Orc:1    | Got a warped broad axe {god gift}
 11794 | Orc:1    | Identified the +8 broad axe of Vomoa {freeze, rPois rF+} (Okawaru gifted it to you on level 1 of the Orcish Mines)
 11979 | Orc:2    | Found a roughly hewn altar of Beogh.
 11979 | Orc:2    | Found Qaijari's Food Shoppe.
 12133 | Orc:2    | Found a staircase to the Elven Halls.
 12212 | Orc:2    | Reached skill level 1 in Shields
 12511 | Orc:2    | Found a roughly hewn altar of Beogh.
 12552 | Orc:2    | Found a roughly hewn altar of Beogh.
 12697 | Orc:2    | Found a roughly hewn altar of Beogh.
 12738 | Orc:2    | Found a roughly hewn altar of Beogh.
 12739 | Orc:2    | Found Topnias's Weapon Shoppe.
 13108 | Lair:1   | Entered Level 1 of the Lair of Beasts
 13347 | Lair:1   | Identified Estemona's Almanac of Floating Fire
 13433 | Lair:1   | Reached skill level 5 in Conjurations
 13458 | Lair:1   | Noticed Grum
 13464 | Lair:1   | Killed Grum
 13510 | Lair:1   | Learned a level 4 spell: Airstrike
 13665 | Lair:1   | Received a gift from Okawaru
 13678 | Lair:1   | Gained mutation: Armour fits poorly on your strangely shaped body. [potion of mutation]
 13678 | Lair:1   | Gained mutation: You have large cloven feet. [potion of mutation]
 13678 | Lair:1   | Gained mutation: You are clumsy. (Dex -2) [potion of mutation]
 13678 | Lair:1   | Gained mutation: You are partially covered in rugged brown scales. (AC +1, +3% HP) [potion of mutation]
 13679 | Lair:1   | Lost mutation: Armour fits poorly on your strangely shaped body. [potion of mutation]
 13679 | Lair:1   | Lost mutation: You have large cloven feet. [potion of mutation]
 13679 | Lair:1   | Gained mutation: You have a beak for a mouth. [potion of mutation]
 13679 | Lair:1   | Gained mutation: You have sharp toenails. [potion of mutation]
 13971 | Lair:2   | Reached skill level 17 in Axes
 14038 | Lair:2   | Reached skill level 10 in Armour
 14274 | Lair:2   | Found a staircase to the Swamp.
 14467 | Lair:2   | Reached XP level 13. HP: 112/119 MP: 6/18
 14610 | Lair:3   | Reached ****** piety under Okawaru
 14761 | Lair:3   | Found a staircase to the Snake Pit.
 15025 | Lair:3   | Noticed Sonja
 15026 | Lair:3   | Noticed Sonja
 15026 | Lair:3   | Sonja changed into Sonja the shapeshifter
 15048 | Lair:3   | Noticed Sonja
 15054 | Lair:3   | Killed Sonja the troll
 16076 | Lair:4   | Found a basalt altar of Yredelemnul.
 16309 | Lair:4   | You fall through a shaft for 2 floors!
 16309 | Lair:6   | Entered Level 6 of the Lair of Beasts
 16362 | Lair:5   | Found a staircase to the Slime Pits.
 16367 | Lair:5   | Found a viscous altar of Jiyva.
 16833 | Lair:5   | Received a gift from Okawaru
 16840 | Lair:5   | Got a smoking hat {god gift}
 16841 | Lair:5   | Identified the +0 hat of Dramatic Exits {+Inv Dex+3} (Okawaru gifted it to you on level 5 of the Lair of Beasts)
 17196 | Lair:6   | Reached skill level 5 in Shields
 17205 | Lair:5   | Reached skill level 18 in Axes
 17315 | Lair:6   | Reached skill level 5 in Spellcasting
 17857 | Lair:6   | Reached XP level 14. HP: 128/130 MP: 6/20
 18062 | Lair:6   | Received a gift from Okawaru
 18249 | Lair:6   | Received a gift from Okawaru
 18250 | Lair:6   | Got a smoking battleaxe {god gift}
 18251 | Lair:6   | Identified the +4 battleaxe "Ygounour" {chop, rF- MP+9 Str+3 SInv} (Okawaru gifted it to you on level 6 of the Lair of Beasts)
 18253 | Lair:6   | Identified a scroll of acquirement
 18275 | Lair:6   | Got a pair of dazzling gloves
 18286 | Lair:6   | Identified the +0 pair of gloves "Bahamio" {rN+ Slay+2 Stlth-} (You acquired it on level 6 of the Lair of Beasts)
 19109 | Orc:2    | Learned a level 3 spell: Regeneration
 19205 | Orc:2    | Noticed an orc warlord
 19237 | Orc:2    | Killed an orc warlord
 19237 | Orc:2    | Received a gift from Okawaru
 19324 | Orc:2    | Found Malogam's Antique Armour Boutique.
 19325 | Orc:2    | Found a roughly hewn altar of Beogh.
 19326 | Orc:2    | Found Niehimm's Antique Weapon Shop.
 19333 | Orc:2    | Bought a pair of ichor-stained boots for 218 gold pieces
 19355 | Orc:2    | Identified the +2 pair of boots "Icukh" {Str+4} (You bought it in a shop on level 2 of the Orcish Mines)
 19356 | Orc:2    | Bought an ichor-stained troll leather armour for 460 gold pieces
 19366 | Orc:2    | Identified the +4 troll leather armour "Zeppetij" {rC+ Regen+ Int+3} (You bought it in a shop on level 2 of the Orcish Mines)
 19366 | Orc:2    | Bought a warped chain mail for 218 gold pieces
 19406 | Orc:2    | Identified the +1 chain mail of Poor Excuses {Str+3} (You bought it in a shop on level 2 of the Orcish Mines)
 19518 | D:12     | Noticed Snorg
 19524 | D:12     | Killed Snorg
 19524 | D:12     | Reached skill level 19 in Axes
 19624 | D:12     | Noticed Rupert
 19636 | D:12     | Killed Rupert
 19639 | D:12     | Reached skill level 1 in Air Magic
 19801 | D:12     | Noticed Harold
 19810 | D:12     | Killed Harold
 19810 | D:12     | Reached skill level 1 in Necromancy
 19846 | D:12     | Noticed Maurice
 19862 | D:12     | Killed Maurice
 21319 | D:14     | Reached XP level 15. HP: 122/140 MP: 7/23
 21372 | D:14     | Found a frozen archway.
 21391 | IceCv    | Entered an ice cave
 21639 | IceCv    | Found an ancient bone altar of Kikubaaqudgha.
 22131 | D:14     | Found a gate to the Vaults.
 23090 | D:15     | Entered Level 15 of the Dungeon
 23225 | D:15     | Found a staircase to the Depths.
 23230 | D:15     | Cast into level 3 of the Abyss (a wizard)
 23500 | Abyss:3  | Noticed a bone dragon
 23538 | Abyss:3  | Killed a bone dragon
 23541 | Abyss:3  | Received a gift from Okawaru
 23679 | Abyss:3  | Found a corrupted altar of Lugonu.
 23689 | Abyss:3  | Found an iron altar of Okawaru.
 23968 | D:15     | Escaped the Abyss
 24070 | D:15     | Reached skill level 20 in Axes
 24324 | D:15     | Received a gift from Okawaru
 24764 | Snake:1  | Entered Level 1 of the Snake Pit
 24812 | Snake:1  | Found Usoapn's Gadget Boutique.
 24831 | Snake:1  | Reached skill level 5 in Dodging
 25325 | Snake:1  | Reached XP level 16. HP: 148/150 MP: 8/24
 25517 | Snake:2  | Noticed Louise
 25531 | Snake:2  | Killed Louise
 25542 | Snake:2  | Received a gift from Okawaru
 25641 | Snake:2  | Found a radiant altar of Vehumet.
 25736 | Snake:2  | HP: 7/150 [naga sharpshooter/arrow (18)]
 25737 | Snake:2  | HP: 3/150 [naga sharpshooter/arrow (1)]
 25963 | Snake:2  | Noticed Aizul
 25978 | Snake:2  | Killed Aizul
 26145 | Snake:2  | Got a dazzling chain mail
 26156 | Snake:2  | Identified the +10 chain mail of Okawaru's Displeasure {rF- Int-4 Dex+9 Stlth+} (You found it on level 2 of the Snake Pit)
 26488 | Snake:2  | Noticed Roxanne
 26511 | Snake:2  | Received a gift from Okawaru
 26797 | Snake:2  | Found Paecw's Gadget Emporium.
 26798 | Snake:2  | Found Liabetz's Jewellery Shop.
 26799 | Snake:2  | Found Legec's Gadget Emporium.
 27365 | Snake:2  | Killed Roxanne
 27366 | Snake:2  | Identified Roxanne's Handbook of Changing (You took it off Roxanne on level 2 of the Snake Pit)
 27375 | Snake:2  | Learned a level 6 spell: Statue Form
 27647 | Snake:3  | Got a sparkling glass ring
 27648 | Snake:3  | Identified the ring "Wuesipui" {Fire +Fly rN+ Str+4 Dex-2} (You found it on level 3 of the Snake Pit)
 27673 | Snake:4  | Entered Level 4 of the Snake Pit
 27683 | Snake:4  | Received a gift from Okawaru
 27893 | Snake:3  | Reached skill level 1 in Earth Magic
 27896 | Snake:3  | Reached skill level 1 in Transmutations
 28212 | Snake:3  | Learned a level 4 spell: Sticky Flame
 28306 | Snake:3  | Found a glowing golden altar of the Shining One.
 28312 | Snake:3  | Reached skill level 15 in Fighting
 28967 | Snake:4  | Reached XP level 17. HP: 115/160 MP: 0/26
 29451 | Snake:4  | Received a gift from Okawaru
 29667 | Snake:4  | Reached skill level 5 in Necromancy
 30048 | Snake:4  | Got a serpentine rune of Zot
 30381 | Snake:4  | Received a gift from Okawaru
 30919 | Snake:4  | Lost mutation: You are clumsy. (Dex -2) [potion of mutation]
 30919 | Snake:4  | Lost mutation: You have sharp toenails. [potion of mutation]
 30919 | Snake:4  | Gained mutation: Your system is resistant to poisons. (rPois) [potion of mutation]
 30919 | Snake:4  | Gained mutation: You are partially covered in thin metallic scales. (AC +2) [potion of mutation]
 31199 | Elf:1    | Entered Level 1 of the Elven Halls
 32337 | Elf:1    | Received a gift from Okawaru
 32664 | Elf:2    | Found a runed gate.
 32666 | Elf:2    | Found a runed gate.
 32666 | Elf:2    | Found a runed gate.
 32704 | Elf:2    | Found Ockithrugiwk's Weapon Shoppe.
 32808 | Elf:2    | Reached XP level 18. HP: 170/170 MP: 9/28
 33270 | Elf:2    | Received a gift from Okawaru
 34047 | Elf:3    | Entered Level 3 of the Elven Halls
 34171 | Elf:3    | Received a gift from Okawaru
 34189 | Elf:3    | Cast into level 2 of the Abyss (a deep elf demonologist)
 34261 | Abyss:2  | Got a distressingly furry cloak
 34262 | Abyss:2  | Identified the +0 cloak "Pavvihyq" {rN++ Str+4} (You found it on level 2 of the Abyss)
 34427 | Abyss:2  | Gained mutation: Your magical capacity is low. (-10% MP) [a neqoxec]
 34434 | Abyss:2  | Noticed a lich
 34444 | Abyss:2  | Gained mutation: Your spells are a little easier to cast, but a little less powerful. [a neqoxec]
 34446 | Abyss:2  | Killed a lich
 34591 | Elf:3    | Escaped the Abyss
 34617 | Elf:3    | Got a faintly glowing morningstar {holy}
 34628 | Elf:3    | Identified the +5 morningstar of Xeqaz {holy, Int+2} (You took it off a deep elf demonologist on level 3 of the Elven Halls)
 34693 | Elf:3    | Received a gift from Okawaru
 34848 | Elf:3    | Cast into level 2 of the Abyss (a deep elf demonologist)
 34899 | Abyss:2  | Got an ancient chain mail
 34900 | Abyss:2  | Identified the +8 chain mail "Ruf Bari" {Dex+5 Slay-3} (You acquired it on level 2 of the Abyss)
 35105 | Abyss:2  | Reached skill level 5 in Transmutations
 35112 | Abyss:2  | Reached XP level 19. HP: 183/183 MP: 9/27
 35133 | Abyss:2  | Noticed an ancient lich
 35155 | Abyss:2  | Killed an ancient lich
 35155 | Abyss:2  | Reached skill level 5 in Earth Magic
 35242 | Elf:3    | Escaped the Abyss
 35609 | Elf:3    | Reached skill level 10 in Conjurations
 35621 | Elf:3    | Received a gift from Okawaru
 35640 | Elf:3    | Got a transparent flail {god gift}
 35641 | Elf:3    | Identified the +9 flail of Caeseh {crush, -Tele rElec Stlth+} (Okawaru gifted it to you on level 3 of the Elven Halls)
 35748 | Elf:3    | Gained mutation: You are frail. (-10% HP) [a neqoxec]
 35775 | Elf:3    | Noticed a Brimstone Fiend
 35794 | Elf:3    | HP: 8/181 [deep elf blademaster/quick blade (6)]
 35795 | Elf:3    | HP: 2/181 [deep elf master archer/arrow (20)]
 35795 | Elf:3    | Slain by a deep elf blademaster

Vault maps used:
D:1:      onia_arrival_handbag, hangedman_decor_growths
D:2:      first_bread, uniq_sigmund, uniq_crazy_yiuf_cottage
D:4:      lemuel_temple_firewalk_b, corexii_item_surrounded_by_moat
D:5:      hex_intersection
D:6:      kennysheep_mini, grunt_dithmenos_smoke_and_mirrors,
          cheibrodos_sewer_entry_bend, serial_undead, serial_undead_d,
          serial_undead_a, serial_undead_d, serial_undead_e, serial_undead_e,
          lightli_church_of_beogh, uniq_pikel
D:7:      nicolae_ossuary_entry_monument, hangedman_decor_riveting,
          kennysheep_dice
D:9:      serial_bayou, serial_bayou_ford_a, serial_bayou_lagoon_a,
          serial_bayou_shore_a, serial_bayou_lake_a, minmay_misc_feat_square
D:10:     the_bakery
D:11:     erik_lair_island, david_orc_2
D:12:     uniq_harold, uniq_maurice, uniq_snorg, uniq_rupert
D:14:     david_vaults_2, portal_ice_cave_demonic_guard, hangedman_glass_teeth,
          water_boxes_lemuel
D:15:     grunt_enter_depths_magical_seal, minivault_4
Temple:   regret_index_temple_chain_breaker
Lair:1:   kb_forest_paths, uniq_grum
Lair:2:   beast_lair_carwin_large_4, swamp_mist_pool
Lair:3:   guppyfry_snake_entry_island, lemuel_fruit_fields, uniq_sonja
Lair:4:   lemuel_centaur_altar
Lair:5:   slime_altar_1, lemuel_fruit_tree, grunt_megastairs_2,
          lemuel_fruit_fields
Lair:6:   gammafunk_lair_ancient_temple, infiniplex_staircase_pool_2
Snake:1:  serial_shops, nicolae_shop_crystal
Snake:2:  basic_altar, st_stairs_11, minmay_shop_grove, uniq_roxanne,
          uniq_aizul, uniq_louise
Snake:3:  basic_altar, serial_bayou_pond_b
Snake:4:  snake_pit, grunt_ministairs_9, stair_cage_line, grunt_megastairs_5
Orc:1:    basic_altar
Orc:2:    grunt_orc_community_town_hall, grunt_orc_community_big_house_1,
          grunt_orc_community_big_house_1, grunt_orc_community_house_1,
          grunt_orc_community_house_1, grunt_orc_community_house_2,
          grunt_orc_community_house_3, grunt_orc_community_house_1,
          grunt_orc_community_house_2, basic_altar, nooodl_orcs_dogs
Elf:1:    minmay_elf_arrival_summoners, kennysheep_underground_church,
          grunt_ministairs_2
Elf:2:    serial_shops, shop
Elf:3:    grunt_elf_hall_branching
Abyss:2:  evilmike_abyss_exit_11, evilmike_abyss_exit_16
Abyss:3:  evilmike_abyss_exit_2
Sewer:    sewer_kobolds
Ossuary:  ossuary_minmay_tomb_2a
IceCv:    ice_cave_small_necro

Skill      XL: |  1  2  3  4  5  6  7  8  9 10 11 12 13 14 15 16 17 18 19 |
---------------+----------------------------------------------------------+-----
Axes           | 4 6 7 9 11 13 14 16 17 18 19 20 | 20.0
Fighting       | 4 5 6 7 8 9 10 11 12 13 14 15 16 17 18 | 18.2
Armour         | 2 3 4 5 6 8 9 10 11 12 13 14 | 14.3
Spellcasting   | 2 3 4 5 6 7 8 |  8.4
Conjurations   | 2 4 5 6 7 8 9 10 | 10.0
Shields        | 3 6 8 9 |  9.4
Dodging        | 4 5 6 7 8 9 |  9.5
Air Magic      | 1 3 4 |  4.3
Necromancy     | 1 3 4 5 6 |  6.8
Earth Magic    | 1 3 4 5 |  5.3
Transmutations | 1 3 5 |  5.4
Stealth        | |  1.5
Invocations    | |  0.4

Action                   |  1- 3 |  4- 6 |  7- 9 | 10-12 | 13-15 | 16-18 | 19-21 || total
-------------------------+-------+-------+-------+-------+-------+-------+-------++-------
Melee: Hand axe          |    99 |   150 |       |       |       |       |       ||   249
       Headbutt          |    13 |    27 |    32 |   110 |   218 |   243 |    27 ||   670
       Battleaxe         |       |     7 |   258 |   723 |  1095 |  1144 |   139 ||  3366
       Peck              |       |       |       |    10 |   206 |   243 |    26 ||   485
       Morningstar       |       |       |       |       |     7 |       |       ||     7
       War axe           |       |       |       |       |       |     2 |       ||     2
Invok: Heroism           |       |       |     3 |    10 |    22 |    25 |     4 ||    64
Evoke: Wand              |       |       |       |     1 |     3 |       |       ||     4
  Use: Potion            |       |     2 |     2 |     6 |    12 |    15 |     1 ||    38
       Scroll            |       |     3 |     9 |    11 |    19 |     9 |     1 ||    52
 Stab: Sleeping          |     4 |       |       |       |       |       |       ||     4
       Distracted        |       |       |       |       |     1 |       |       ||     1
  Eat: Chunk             |     1 |     6 |    12 |    23 |    30 |    24 |     3 ||    99
       Royal jelly       |       |       |     1 |       |       |       |       ||     1
       Fruit             |       |       |       |       |     6 |     9 |       ||    15
Armor: Robe              |     6 |       |       |       |       |       |       ||     6
       Plate armour      |    62 |    97 |   178 |   341 |   146 |   399 |       ||  1223
       Chain mail        |       |       |       |    91 |   418 |   145 |       ||   654
       Troll leather arm |       |       |       |       |   101 |    33 |    51 ||   185
Dodge: Dodged            |    42 |    35 |    71 |   231 |   440 |   404 |    96 ||  1319
       Deflected         |       |       |       |       |       |    87 |     7 ||    94
